 Dungeon Crawl Stone Soup version 0.25.1-2-g60ff931df9 (webtiles) character file.

Game seed: 15214707447324865953

1507 Curus the Carver (level 8, -5/64 HPs)
             Began as a Hill Orc Berserker on Nov 4, 2020.
             Was a Priest of Trog.
             Engulfed by Maggie's poison gas (7 damage)
             ... on level 6 of the Dungeon.
             The game lasted 00:24:33 (5867 turns).

Curus the Carver (Hill Orc Berserker)               Turns: 5867, Time: 00:24:34

Health: -5/64      AC: 13    Str: 20    XL:     8   Next: 82%
Magic:  8/8        EV:  8    Int:  9    God:    Trog [***...]
Gold:   285        SH:  0    Dex: 14    Spells: 7/7 levels left

rFire    + . .     SeeInvis +   w - +0 scimitar
rCold    + . .     Gourm    .   (no shield)
rNeg     . . .     Faith    .   l - +1 chain mail
rPois    .         Spirit   .   (no helmet)
rElec    .         Reflect  .   g - scarf {rC+ rF+}
rCorr    .         Harm     .   s - +2 pair of gloves
MR       ++...                  p - +0 pair of boots
Stlth    ..........             f - amulet of magic regeneration
HPRegen  1.20/turn              e - ring of see invisible
MPRegen  0.36/turn              (no ring)

@: lethally poisoned (-5 -> -82), mesmerised, regenerating
A: agile 1, clever 1
a: Berserk, Trog's Hand, Renounce Religion


You were on level 6 of the Dungeon.
You worshipped Trog.
Trog was most pleased with you.
You were hungry.

You visited 1 branch of the dungeon, and saw 6 of its levels.

You collected 285 gold pieces.

Inventory:

Hand Weapons
 a - a +1 falchion
 t - a +0 long sword
 w - a +0 scimitar (weapon)
Armour
 b - a +0 animal skin
 d - a +0 ring mail
 g - a scarf of resistance (worn)
 l - a +1 chain mail (worn)
 n - a scarf of harm
 p - a +0 pair of boots (worn)
 s - a +2 pair of gloves (worn)
Jewellery
 e - a ring of see invisible (left hand)
 f - an amulet of magic regeneration (around neck)
 q - an uncursed ring of fire
 y - an uncursed ring of fire
Wands
 r - a wand of acid (12)
 v - a wand of flame (13)
Scrolls
 i - 6 scrolls of identify
 k - a scroll of blinking
 m - 3 scrolls of teleportation
 o - 4 scrolls of remove curse
Potions
 h - a potion of lignification
 j - 4 potions of heal wounds
 u - a potion of curing
 A - a potion of berserk rage
Comestibles
 c - 13 rations


   Skills:
 - Level 3.6 Fighting
 + Level 11.9 Long Blades
 - Level 2.1 Armour
 - Level 1.5 Dodging


You had 7 spell levels left.
You didn't know any spells.
Your spell library was empty.

Dungeon Overview and Level Annotations

Branches:
Dungeon (6/15)
 Temple: D:4-7

Altars:
Cheibriados
Beogh

Annotations:
D:4 3 runed translucent doors, haesbaert's ghost, novice BaIE
D:6 Maggie


Innate Abilities, Weirdness & Mutations

You are agile. (Dex +2)
Your mind is acute. (Int +2)


Message History

You are engulfed in poison gas.
You are more poisoned.
* * * LOW HITPOINT WARNING * * *
You feel very sick.
Unknown command.
Blink to where?
Press: ? - help, Dir - move target cursor You cannot blink away from Maggie!
Blink to where?
Press: ? - help, Dir - move target cursor, f - you
Okay, then.
Unknown command.
Unknown command.
Unknown command.
Your skin crawls.
You feel resistant to hostile enchantments.
You are feeling hungry.
You are engulfed in poison gas.
You are more poisoned.
You die...

#....<....#
#.#######.#
##. #.# #..
#.# #.. #.#
####.. #.#
..... #.#
#..## #.#
#.ยง@## ##.#
#.@#)##.##.#
###.###...##.#
.....#.#####.#
####.........#
##.######## #.
#. #.


You could see Maggie (mesmerising).

Vanquished Creatures
  Edmund (D:5)
  3 ice beasts
  A sky beast (D:5)
  2 ogres (D:5)
  A necrophage (D:5)
  Blork the orc (D:5)
  2 scorpions (D:5)
  A howler monkey (D:5)
  An iron imp (D:4)
  A centaur skeleton (D:4)
  An orc priest (D:4)
  A gnoll shaman (D:6)
  Ijyb (D:5)
  4 orc wizards
  5 worker ants
  8 gnolls
  4 adders
  2 oozes
  An adder zombie (D:5)
  2 worms (D:2)
  3 dart slugs
  4 leopard geckos
  15 orcs
  A bat (D:3)
  5 giant cockroaches
  6 hobgoblins
  5 jackals
  5 frilled lizards
  3 goblins
  10 kobolds
  7 rats
107 creatures vanquished.

Vanquished Creatures (others)
  A gnoll (D:6)
1 creature vanquished.

Grand Total: 108 creatures vanquished

Notes
Turn   | Place    | Note
-------+----------+-------------------------------------------
     0 | D:1      | Curus the Hill Orc Berserker began the quest for the Orb.
     0 | D:1      | Reached XP level 1. HP: 19/19 MP: 1/1
    39 | D:1      | Gained mutation: You have a pair of small horns on your
                  | head. [potion of mutation]
    39 | D:1      | Gained mutation: Armour fits poorly on your strangely
                  | shaped body. [potion of mutation]
    39 | D:1      | Gained mutation: Your system is resistant to poisons.
                  | (rPois) [potion of mutation]
   486 | D:1      | Reached XP level 2. HP: 14/26 MP: 2/2
   675 | D:1      | Reached skill level 4 in Long Blades
  1125 | D:2      | Reached XP level 3. HP: 25/31 MP: 3/3
  1299 | D:2      | Reached ** piety under Trog
  1426 | D:2      | Reached skill level 5 in Long Blades
  1619 | D:2      | Reached XP level 4. HP: 25/39 MP: 4/4
  1737 | D:2      | Noticed an ice beast
  1748 | D:2      | Killed an ice beast
  1748 | D:2      | Reached skill level 6 in Long Blades
  1748 | D:2      | Reached XP level 5. HP: 30/45 MP: 5/5
  2592 | D:3      | Reached skill level 7 in Long Blades
  3018 | D:4      | Reached XP level 6. HP: 48/51 MP: 6/6
  3425 | D:4      | Reached skill level 8 in Long Blades
  3432 | D:4      | Reached *** piety under Trog
  3658 | D:4      | Reached XP level 7. HP: 37/57 MP: 7/7
  4087 | D:4      | Reached skill level 9 in Long Blades
  4132 | D:4      | Found a snail-covered altar of Cheibriados.
  4399 | D:4      | Found a runed translucent gate.
  4399 | D:4      | Noticed haesbaert's ghost (novice BaIE)
  4400 | D:4      | Found a runed translucent gate.
  4401 | D:4      | Found a runed translucent gate.
  4408 | D:4      | Found a roughly hewn altar of Beogh.
  4440 | D:5      | Entered Level 5 of the Dungeon
  4445 | D:5      | Noticed Edmund
  4462 | D:5      | Killed Edmund
  4805 | D:5      | Noticed Ijyb
  4814 | D:5      | Killed Ijyb
  4862 | D:5      | Noticed Blork the orc
  4863 | D:5      | Reached skill level 10 in Long Blades
  4863 | D:5      | Reached XP level 8. HP: 64/64 MP: 8/8
  4867 | D:5      | Killed Blork the orc
  5348 | D:5      | Reached skill level 11 in Long Blades
  5806 | D:5      | Lost mutation: You have a pair of small horns on your head.
                  | [potion of mutation]
  5806 | D:5      | Lost mutation: Armour fits poorly on your strangely shaped
                  | body. [potion of mutation]
  5806 | D:5      | Lost mutation: Your system is resistant to poisons. (rPois)
                  | [potion of mutation]
  5806 | D:5      | Gained mutation: You are agile. (Dex +2) [potion of
                  | mutation]
  5806 | D:5      | Gained mutation: Your mind is acute. (Int +2) [potion of
                  | mutation]
  5840 | D:6      | Noticed Maggie
  5866 | D:6      | HP: 2/64 [poisoned by Maggie (poison gas)]
  5867 | D:6      | Engulfed by Maggie's poison gas

Illustrated notes

Levels and vault maps discovered:
D:1:      dpeg_arrival_pits, layout_loops_ring
D:2:      layout_basic, first_ration
D:3:      layout_basic
D:4:      layout_loops_ring, biasface_ghost_orc_armoury, minmay_misc_feat_cross,
          chei_slow_surprise
D:5:      layout_basic, uniq_blork_the_orc, uniq_edmund, uniq_ijyb
D:6:      layout_loops_ring, minmay_temple_entry_glassed_door, uniq_maggie,
          uniq_grinder

Skill      XL: |  1  2  3  4  5  6  7  8 |
---------------+-------------------------+-----
Long Blades    | 4 5 6 7 8 10 11 | 11.9
Fighting       | |  3.6
Armour         | |  2.1
Dodging        | |  1.5

Action                   |  1- 3 |  4- 6 |  7- 9 || total
-------------------------+-------+-------+-------++-------
Melee: Falchion          |   116 |    87 |       ||   203
       Headbutt          |    13 |    26 |    25 ||    64
       Long sword        |       |    43 |    70 ||   113
       Scimitar          |       |       |    66 ||    66
Invok: Berserk           |       |     1 |     1 ||     2
       Trog's Hand       |       |       |     1 ||     1
Evoke: Wand              |       |       |     1 ||     1
  Use: Potion            |     5 |     1 |     3 ||     9
       Scroll            |     6 |     3 |       ||     9
  Eat: Chunk             |     2 |     8 |     4 ||    14
       Ration            |       |       |     1 ||     1
Armor: Ring mail         |     9 |       |       ||     9
       Chain mail        |    21 |    66 |    46 ||   133
Dodge: Dodged            |    43 |    45 |    57 ||   145
       Rpst.: Falchion   |    15 |     9 |       ||    24
       Long sword        |       |     4 |     7 ||    11
       Scimitar          |       |       |    10 ||    10
